 Dungeon Crawl Stone Soup version 0.29.1-2-gbd0b4ee654 (webtiles) character file.

Game seed: 15536310266667568329

118 firemarshallily the Sneak (level 5, -1/52 HPs)
             Began as an Octopode Brigand on Oct 27, 2022.
             Slain by an orc priest
             ... wielding a +0 dagger
              (5 damage)
             ... on level 3 of the Dungeon.
             The game lasted 00:06:33 (2791 turns).

firemarshallily the Sneak (Octopode Brigand)        Turns: 2791, Time: 00:06:34

Health: -1/52      AC:  1    Str:  8 (10) XL:     5   Next: 2%
Magic:  5/5        EV: 13    Int: 10 (13) God:
Gold:   161        SH:  0    Dex: 15 (16) Spells: 4/4 levels left

rFire   + . .      SeeInvis .   a - +2 dagger
rCold   + . .      Faith    .   (no shield)
rNeg    . . .      Spirit   .   (helmet restricted)
rPois   +          Reflect  +   k - amulet of reflection
rElec   +          Harm     .   (no ring)
rCorr   +          Rampage  .   (no ring)
Will    .....                   (no ring)
Stlth   ..........              (no ring)
HPRegen 0.17/turn               (no ring)
MPRegen 0.09/turn               (no ring)
                                (no ring)
                                (no ring)

@: confused, brilliant, berserking, resistant, very quick
A: almost no armour, amphibious, 8 rings, camouflage 1, gelatinous body 1,
(nimble swimmer 1), tentacles
a: no special abilities


You were on level 3 of the Dungeon.
You visited 1 branch of the dungeon, and saw 3 of its levels.

You collected 161 gold pieces.

Inventory:

Hand Weapons
 a - a +2 dagger (weapon)
Missiles
 b - 9 poisoned darts (quivered)
 c - 3 curare-tipped darts
 e - 31 stones
 g - 3 atropa-tipped darts
Jewellery
 k - an amulet of reflection (around mantle)
Scrolls
 d - a scroll of silence {unknown}
 f - 2 scrolls of fear {unknown}
 p - 4 scrolls of teleportation {unknown}
 q - 2 scrolls of identify {unknown}
 r - a scroll of immolation {unknown}
Potions
 j - a potion of resistance
 n - a potion of might {unknown}
 o - a potion of attraction {unknown}
 s - a potion of curing {unknown}
 t - a potion of degeneration


   Skills:
 + Level 2.7 Fighting
 * Level 3.3 Short Blades
 - Level 2.0 Throwing
 + Level 2.0 Dodging
 * Level 6.4 Stealth


You had 4 spell levels left.
You didn't know any spells.
Your spell library contained the following spells:

 Spells                   Type           Power      Damage    Failure   Level
 Frozen Ramparts          Ice            0%         1d1       75%         3
 Ice Form                 Ice/Tmut       0%         N/A       98%         4
 Summon Ice Beast         Ice/Summ       0%         N/A       98%         4


Dungeon Overview and Level Annotations

Branches:
Dungeon (3/15)

Altars:
Hepliaklqana
Trog


Innate Abilities, Weirdness & Mutations

You cannot wear most types of armour.
You are amphibious.
You can wear up to eight rings at the same time.
Your skin changes colour to match your surroundings (Stealth+).
Your rubbery body absorbs attacks. (AC +1, EV +1)
((You are camouflaged when in or above water. (Stealth+)))
You have tentacles for arms and can constrict up to eight enemies at once.


Message History

Something hits you.
You feel less invigorated.
The orc priest looks braver for a moment.
Unknown command.
It was a potion of brilliance.
You feel clever all of a sudden.
The orc priest hits you with a +0 dagger.
You hear some strange, mumbled words.
Something tries to affect you, but you resist.
It was a potion of heal wounds.
You feel much better.
The orc priest hits you with a +0 dagger.
Something hits you.
Okay, then.
You miss something. Your squeeze misses something.
You feel less confused.
The orc priest hits you with a +0 dagger.
You hear some strange, mumbled words.
You are confused.
You hit the orc priest.
The orc priest is heavily wounded.
You barely miss the orc priest. Your squeeze misses the orc priest.
The orc priest is heavily wounded.
The orc priest hits you with a +0 dagger.
Something hits you. The orc priest misses you.
You hear some strange, mumbled words.
A magic dart appears from out of thin air!
The magic dart hits you.
You hit something. You squeeze something.
Something hits you but does no damage. The orc priest misses you.
You miss something. Your squeeze misses something.
The orc priest calls down the wrath of Beogh upon you.
Pain shoots through your body!
* * * LOW HITPOINT WARNING * * *
Something barely misses you.
It was a potion of berserk rage.
A red film seems to cover your vision as you go berserk!
You feel yourself moving faster!
You feel mighty!
The orc priest hits you with a +0 dagger.
You die...

.###.........##......#
.....................######
###..................^....
#....................##. ..##
#..............#####.#
....#####........).......#.#
.....#.......###<........#.#
#####...............###.....#.#
................@.........).#..
.............#.{o......###.###.#
#..........#.......###.###.###.#
#..<.<...........#...#.........##
#........÷...............#o##....
#...............######.#.#.##....
#......>..................†......
#........>..................#####
#..........[.........†...........


You could see an orc priest.

Vanquished Creatures
  An orc wizard (D:3)
  2 adders (D:2)
  A worm (D:2)
  4 dart slugs
  8 orcs
  4 endoplasms
  2 giant cockroaches
  3 goblins
  5 hobgoblins
  4 kobolds
  3 quokkas
  2 ball pythons
  8 bats
  3 frilled lizards
  5 rats
55 creatures vanquished.

Notes
Turn   | Place    | Note
-------+----------+-------------------------------------------
     0 | D:1      | firemarshallily the Octopode Brigand began the quest for
                  | the Orb.
     0 | D:1      | Reached XP level 1. HP: 14/14 MP: 1/1
   292 | D:1      | Reached XP level 2. HP: 14/19 MP: 2/2
   848 | D:1      | Found a faded altar of an unknown god.
  1109 | D:2      | Reached XP level 3. HP: 24/24 MP: 3/3
  1357 | D:2      | Reached skill level 6 in Stealth
  1852 | D:2      | Reached XP level 4. HP: 21/30 MP: 4/4
  2168 | D:3      | Found a hazy altar of Hepliaklqana.
  2169 | D:3      | Found a bloodstained altar of Trog.
  2614 | D:2      | Reached XP level 5. HP: 18/35 MP: 5/5
  2791 | D:3      | Slain by an orc priest

Illustrated notes

Levels and vault maps discovered:
D:1:      dpeg_arrival_three_same_balls, layout_basic,
          shapermc_ecumenical_altar_venn
D:2:      layout_loops_corners
D:3:      layout_rooms, mainiacjoe_overflow_divided_tiny

Skill      XL: |  1  2  3  4 |
---------------+-------------+-----
Stealth        | 6 |  6.4
Short Blades   | 3 |  3.3
Dodging        | 2 |  2.0
Fighting       | |  2.7
Throwing       | |  2.0

Action                   |  1- 3 |  4- 6 || total
-------------------------+-------+-------++-------
Melee: Dagger            |    48 |    57 ||   105
       Constrict         |    12 |    14 ||    26
       Tentacles         |     7 |    13 ||    20
       Punch             |     1 |     2 ||     3
Throw: Dart              |       |     1 ||     1
  Use: Potion            |       |     6 ||     6
 Stab: Sleeping          |    13 |     2 ||    15
Armor: Skin              |     2 |     7 ||     9
Dodge: Dodged            |    12 |    36 ||    48
Block: Other             |     2 |     5 ||     7
       Reflection        |       |     1 ||     1
